 Dungeon Crawl Stone Soup version 0.20-a0-993-gba41c3c (console) character file.

12920 vuev the Black Belt (level 11, 0/82 (83) HPs)
             Began as a Minotaur Monk on Apr 11, 2017.
             Was an Elder of Hepliaklqana.
             Slain by an eight-headed hydra (8 damage)
             ... on level 2 of the Lair of Beasts.
             The game lasted 00:27:50 (11917 turns).

vuev the Black Belt (Minotaur Monk)                Turns: 11917, Time: 00:27:51

HP:   0/82 (83)     AC: 19    Str: 16    XL:     11   Next: 68%
MP:   10/10         EV:  9    Int:  7    God:    Hepliaklqana [****..]
Gold: 761           SH:  0    Dex: 16    Spells: 10/10 levels left

rFire    . . .     SeeInvis .     - Unarmed
rCold    . . .     Gourm    +   (no shield)
rNeg     . . .     Faith    .   g - +1 plate armour
rPois    .         Spirit   .   (helmet restricted)
rElec    .         Reflect  .   (no cloak)
rCorr    .         Harm     .   (no gloves)
MR       +....                  (no boots)
Stlth    ..........             v - amulet of the gourmand
Regen    0.3/turn               i - +3 ring of protection
MPRegen  0.2/turn               r - ring of protection from magic

@: no status effects
A: retaliatory headbutt, reduced essence, horns 2
a: Recall Ancestor, Ancestor Identity, Transference, Idealise, Renounce Religion


You were on level 2 of the Lair of Beasts.
You worshipped Hepliaklqana.
Hepliaklqana was greatly pleased with you.
You were completely stuffed.

You visited 3 branches of the dungeon, and saw 12 of its levels.

You collected 761 gold pieces.

Inventory:

Missiles
 f - 242 stones (quivered)
Armour
 g - a +1 plate armour (worn)
Jewellery
 i - a +3 ring of protection (left hand)
 j - an uncursed ring of positive energy
 o - an uncursed ring of resist corrosion
 p - an uncursed amulet of faith
 r - a ring of protection from magic (right hand)
 v - an amulet of the gourmand (around neck)
Wands
 C - a wand of polymorph (7/24)
 E - a wand of random effects (38/48)
Scrolls
 d - a scroll of fear
 h - 10 scrolls of identify
 l - 2 scrolls of noise
 s - a scroll of fog
 t - 3 scrolls of enchant armour
 w - 3 scrolls of teleportation
 y - a scroll of silence {unknown}
 z - a scroll of summoning {unknown}
 F - 4 scrolls of remove curse
Potions
 a - a potion of brilliance
 c - 3 potions of curing
 q - 3 potions of heal wounds
 B - a potion of agility
 D - a potion of haste
Books
 e - a book of Minor Magic

   Spells                             Type                      Level
   a - Magic Dart                     Conjuration                  1
   b - Blink                          Translocation                2
   c - Call Imp                       Summoning                    2
   d - Slow                           Hexes                        2
   e - Conjure Flame                  Conjuration/Fire             3
   f - Mephitic Cloud                 Conjuration/Poison/Air       3
 m - a book of Callings

   Spells                             Type                      Level
   a - Summon Small Mammal            Summoning                    1
   b - Call Imp                       Summoning                    2
   c - Call Canine Familiar           Summoning                    3
   d - Summon Guardian Golem          Hexes/Summoning              3
   e - Summon Lightning Spire         Summoning/Air                4
   f - Summon Ice Beast               Ice/Summoning                4
 u - a book of Necromancy

   Spells                             Type                      Level
   a - Pain                           Necromancy                   1
   b - Animate Skeleton               Necromancy                   1
   c - Vampiric Draining              Necromancy                   3
   d - Regeneration                   Charms/Necromancy            3
   e - Animate Dead                   Necromancy                   4
   f - Control Undead                 Necromancy                   4
 G - a book of Flames

   Spells                             Type                      Level
   a - Flame Tongue                   Conjuration/Fire             1
   b - Throw Flame                    Conjuration/Fire             2
   c - Conjure Flame                  Conjuration/Fire             3
   d - Inner Flame                    Hexes/Fire                   3
   e - Sticky Flame                   Conjuration/Fire             4
   f - Fireball                       Conjuration/Fire             5
Comestibles
 b - 10 bread rations
 k - 2 royal jellies
 n - 7 meat rations
 x - 7 fruits
 A - 3 chunks of flesh


   Skills:
 + Level 7.7 Fighting
 + Level 11.2 Armour
 + Level 7.6 Dodging
 - Level 3.2 Stealth
 + Level 15.0 Unarmed Combat


You had 10 spell levels left.
You didn't know any spells.

Dungeon Overview and Level Annotations

Branches:
Dungeon (8/15)             Temple (1/1) D:6            Lair (3/6) D:8
  Snake (0/4) Lair:2
  Swamp: Lair:2-4    Shoals: Lair:2-4

Altars:
Ashenzari
Cheibriados
Dithmenos
Elyvilon
Fedhas
Gozag
Hepliaklqana
Makhleb
Okawaru
Qazlal
Ru
Sif Muna
Trog
Uskayaw
Vehumet
Wu Jian
Xom
Zin

Shops:
D:7 (   D:8 *


Innate Abilities, Weirdness & Mutations

You reflexively headbutt those who attack you in melee.
You have a pair of horns on your head.
Your life essence is reduced. (-10% HP)


Message History

The eight-headed hydra bites you but does no damage. x2
The komodo dragon hisses menacingly.
The komodo dragon bites you!!
* * * LOW HITPOINT WARNING * * *
You climb upwards.
There is a stone staircase leading down here.
Unknown command.
Novi points at the komodo dragon and mumbles some strange words.
The komodo dragon easily resists.
The komodo dragon closely misses Novi.
Unknown command.
Novi points at the komodo dragon and mumbles some strange words.
The komodo dragon easily resists.
The komodo dragon bites you but does no damage.
As you read the scroll of fear, it crumbles to dust.
You assume a fearsome visage.
The eight-headed hydra resists with almost no effort.
The eight-headed hydra bites you.
* * * LOW HITPOINT WARNING * * *
The eight-headed hydra bites you!
You die...

### ### ###.# ###.#####
##..###########.##..#.####
.................l..R....#
...##..P##.....#D####.#..#
..###.####...}..@.##..##.##
..##....##.....#.....>#...#
..#P.....#.............#..#
..##....+.....##.......#.##
........#.......).....##.##
...##.###......#......##.P#
...####P.#.....#......#P.##
..............#.......##..#
...............#(.#.###P†P#


You could see an eight-headed hydra and a komodo dragon.

Vanquished Creatures
  A hydra (Lair:1)
  A two-headed ogre (D:8)
  A death yak (D:8)
  The ghost of Leszczynek the Grappler, a novice OgSu of Okawaru (D:8)
  Pikel (D:6)
  A black mamba (D:8)
  Joseph (D:7)
  A spiny frog (Lair:2)
  4 komodo dragons
  Prince Ribbit (D:5)
  Grinder (D:3)
  A blink frog (Lair:2)
  3 hippogriffs
  Sigmund (D:3)
  Menkaure (D:7)
  Edmund (D:5)
  2 water moccasins
  8 porcupines
  An ice beast (D:5)
  An orc warrior (D:7)
  A phantom (D:5)
  2 sky beasts
  A necrophage (D:5)
  3 ogres
  3 centaurs
  4 crocodiles
  7 bullfrogs
  A water moccasin skeleton (D:8)
  5 wights (D:7)
  A howler monkey (D:5)
  2 electric eels
  7 crimson imps
  A jelly (D:6)
  A quasit (D:5)
  5 orc priests
  A hound (D:4)
  3 bullfrog skeletons (D:5)
  2 centaur skeletons
  Jessica (D:2)
  3 iguanas
  Terence (D:1)
  3 orc wizards
  4 worker ants
  Robin (D:1)
  16 adders
  An adder zombie (D:6)
  4 adder skeletons
  2 worms
  3 dart slugs
  3 leopard geckos
  23 orcs
  A ball python (D:1)
  6 bats
  6 giant cockroaches
  14 goblins
  6 hobgoblins
  11 jackals
  6 quokkas
  13 frilled lizards
  11 kobolds
  A leopard gecko zombie (D:8)
  A quokka zombie (D:5)
  4 rats
  A fungus (D:6)
229 creatures vanquished.

Vanquished Creatures (collateral kills)
  The ghost of claquette the Ruffian, a novice TrWz of Uskayaw (Lair:1)
  A komodo dragon (Lair:1)
  2 blink frogs (Lair:2)
  A hippogriff (Lair:2)
  A porcupine (Lair:2)
  An orc warrior (D:8)
  A sky beast (D:6)
  An ogre (D:8)
  A crocodile (Lair:1)
  2 bullfrogs
  A water moccasin skeleton (D:7)
  A crimson imp (D:8)
  An orc (D:8)
15 creatures vanquished.

Vanquished Creatures (others)
  5 hexers
  A shadow imp (D:6)
  A leopard gecko (D:5)
  A quokka (D:5)
  A leopard gecko skeleton (D:5)
  2 bushes (Lair:1)
  7 plants (Lair:1)
18 creatures vanquished.

Grand Total: 262 creatures vanquished

Notes
Turn   | Place    | Note
-------+----------+-------------------------------------------
     0 | D:1      | vuev the Minotaur Monk began the quest for the Orb.
     0 | D:1      | Reached XP level 1. HP: 22/22 MP: 0/0
   145 | D:1      | Reached skill level 5 in Fighting
   175 | D:1      | Reached XP level 2. HP: 17/29 MP: 1/1
   817 | D:1      | Reached XP level 3. HP: 36/36 MP: 2/2
   892 | D:1      | Reached skill level 5 in Dodging
  1273 | D:2      | Noticed Terence
  1281 | D:2      | Noticed Robin
  1364 | D:1      | Killed Terence
  1364 | D:1      | Reached skill level 1 in Armour
  1364 | D:1      | Reached skill level 1 in Unarmed Combat
  1401 | D:1      | Reached XP level 4. HP: 42/42 MP: 3/3
  1425 | D:1      | Killed Robin
  1540 | D:2      | Reached skill level 2 in Unarmed Combat
  1959 | D:2      | Noticed Jessica
  1968 | D:2      | Killed Jessica
  1968 | D:2      | Reached XP level 5. HP: 32/50 MP: 4/4
  2111 | D:3      | Reached skill level 3 in Unarmed Combat
  2245 | D:3      | Noticed Grinder
  2256 | D:3      | Paralysed by Grinder for 2 turns
  2264 | D:3      | Paralysed by Grinder for 3 turns
  2286 | D:3      | Killed Grinder
  2286 | D:3      | Reached skill level 4 in Unarmed Combat
  2286 | D:3      | Reached XP level 6. HP: 24/57 MP: 5/5
  3070 | D:3      | Noticed Sigmund
  3340 | D:4      | Found a bloodstained altar of Trog.
  3566 | D:4      | Reached XP level 7. HP: 62/62 MP: 6/6
  3573 | D:4      | Reached skill level 5 in Unarmed Combat
  4064 | D:5      | Entered Level 5 of the Dungeon
  4078 | D:5      | Reached skill level 6 in Unarmed Combat
  4180 | D:5      | Noticed Edmund
  4226 | D:5      | Killed Edmund
  4226 | D:5      | Reached skill level 5 in Armour
  4226 | D:5      | Reached skill level 7 in Unarmed Combat
  4226 | D:5      | Reached XP level 8. HP: 9/70 MP: 7/7
  4527 | D:5      | Found a white marble altar of Elyvilon.
  4740 | D:5      | Noticed Prince Ribbit
  4751 | D:5      | Killed Prince Ribbit
  4751 | D:5      | Reached skill level 8 in Unarmed Combat
  5179 | D:3      | Killed Sigmund
  5179 | D:3      | Reached skill level 9 in Unarmed Combat
  5414 | D:6      | Reached XP level 9. HP: 60/74 MP: 8/8
  5694 | D:6      | Found a staircase to the Ecumenical Temple.
  5703 | Temple   | Entered the Ecumenical Temple
  5760 | Temple   | Became a worshipper of Hepliaklqana the Forgotten
  5760 | Temple   | Reached * piety under Hepliaklqana
  5760 | Temple   | Reached ** piety under Hepliaklqana
  5773 | D:6      | Remembered your ancestor Novi as a hexer
  5832 | D:6      | Noticed Pikel
  5850 | D:6      | Killed Pikel
  5850 | D:6      | Reached skill level 10 in Unarmed Combat
  6569 | D:7      | Found a glowing silver altar of Zin.
  6628 | D:7      | Found Pulil's Antique Weapon Boutique.
  6784 | D:7      | Noticed Menkaure
  6800 | D:7      | Killed Menkaure
  6800 | D:7      | Reached skill level 11 in Unarmed Combat
  7084 | D:7      | Noticed Joseph
  7095 | D:7      | Killed Joseph
  7306 | D:7      | Found a shadowy altar of Dithmenos.
  7353 | D:7      | Found a burning altar of Makhleb.
  7430 | D:7      | Reached XP level 10. HP: 74/74 MP: 9/9
  7728 | D:8      | Noticed a death yak
  7751 | D:8      | Killed a death yak
  7751 | D:8      | Reached skill level 12 in Unarmed Combat
  7808 | D:8      | Found a shattered altar of Ashenzari.
  7861 | D:8      | Noticed Leszczynek's ghost (novice OgSu)
  7881 | D:8      | Killed Leszczynek's ghost
  8040 | D:8      | Found Xaoxou's Island Escapes.
  8057 | D:8      | Reached *** piety under Hepliaklqana
  8057 | D:8      | Noticed a two-headed ogre
  8068 | D:8      | Killed a two-headed ogre
  8068 | D:8      | Reached skill level 13 in Unarmed Combat
  8300 | D:8      | Noticed a death yak
  8304 | D:8      | Noticed a death yak
  8306 | D:8      | Noticed a death yak
  8311 | D:8      | Noticed a death yak
  8314 | D:8      | Noticed a death yak
  9134 | D:8      | Found a staircase to the Lair.
  9235 | Lair:1   | Entered Level 1 of the Lair of Beasts
  9235 | Lair:1   | Noticed a black mamba
  9235 | Lair:1   | Noticed claquette's ghost (novice TrWz)
  9246 | D:8      | Killed a black mamba
  9530 | Lair:1   | Killed claquette's ghost
  9530 | Lair:1   | Reached XP level 11. HP: 39/81 MP: 10/10
  9689 | Lair:1   | Noticed a seven-headed hydra
  9705 | Lair:1   | Killed a seven-headed hydra
  9816 | Lair:1   | Reached skill level 10 in Armour
  9816 | Lair:1   | Reached skill level 14 in Unarmed Combat
 11034 | Lair:2   | Reached **** piety under Hepliaklqana
 11138 | Lair:2   | Found a staircase to the Snake Pit.
 11856 | Lair:3   | Reached skill level 15 in Unarmed Combat
 11903 | Lair:3   | Noticed an eight-headed hydra
 11917 | Lair:2   | Slain by an eight-headed hydra

Vault maps used:
D:1:      matt_arrival_diagonals, serial_bayou_lake_a
D:2:      uniq_robin, uniq_jessica, uniq_terence
D:3:      first_bread, grunt_ministairs_13, uniq_grinder, uniq_sigmund
D:4:      cheibrodos_pilgrimage, bloody_trog
D:5:      elyvilon_altar_4, hangedman_decor_growths, minivault_11,
          uniq_prince_ribbit1, uniq_edmund
D:6:      minmay_temple_entry_statues_fountains, fountainhead,
          minmay_gold_behind_fungi, st_stairs_9, uniq_pikel
D:7:      grunt_dithmenos_smoke, lemuel_doored_altar, kennysheep_mini,
          serial_shops, shop, uniq_joseph, uniq_menkaure
D:8:      old_standard_altar, dpeg_lair_monsters, grunt_ogre_cave,
          nicolae_island_escapes
Temple:   cyrus_circular_temple
Lair:1:   statuecave_lemuel, portal_ice_cave_entry_pillars_1, serial_forest,
          infiniplex_forest_straight_5, infiniplex_forest_straight_3,
          infiniplex_forest_zigzag_2, infiniplex_forest_split, minivault_27
Lair:2:   dummy_snake_entry
Lair:3:   nicolae_swamp_entry_splash_gauntlet, st_stairs_5, beast_lair_carwin_6,
          serial_bayou_shore_b, uniq_fannar

Skill      XL: |  1  2  3  4  5  6  7  8  9 10 11 |
---------------+----------------------------------+-----
Fighting       | 5 6 7 |  7.7
Dodging        | 5 6 7 |  7.6
Armour         | 1 3 5 6 8 9 11 | 11.2
Unarmed Combat | 1 2 4 7 9 11 13 15 | 15.0
Stealth        | |  3.2

Action                   |  1- 3 |  4- 6 |  7- 9 | 10-12 || total
-------------------------+-------+-------+-------+-------++-------
Melee: Unarmed           |   141 |   185 |   333 |   292 ||   951
       Headbutt          |    18 |    27 |    81 |    72 ||   198
       Punch             |       |     3 |    16 |    23 ||    42
Throw: Stone             |     1 |     7 |    22 |     5 ||    35
Invok: Ancestor Life: He |       |       |     1 |       ||     1
       Ancestor Identity |       |       |     1 |       ||     1
  Use: Potion            |       |     3 |     4 |     5 ||    12
       Scroll            |       |     4 |     2 |    11 ||    17
 Stab: Sleeping          |     1 |     4 |     1 |       ||     6
       Distracted        |       |       |     1 |       ||     1
  Eat: Chunk             |     2 |    11 |    20 |    15 ||    48
Armor: Robe              |     3 |       |       |       ||     3
       Ring mail         |    25 |    52 |    85 |       ||   162
       Plate armour      |       |       |       |   129 ||   129
Dodge: Dodged            |    90 |   102 |   151 |   118 ||   461
